 Dungeon Crawl Stone Soup version 0.17-a0-1403-g9df874c (webtiles) character file.

170 urechis the Spear-Bearer (level 5, -2/38 HPs)
             Began as a Merfolk Gladiator on June 20, 2015.
             Killed from afar by an orc wizard (7 damage)
             ... with a puff of flame
             ... on level 3 of the Dungeon.
             The game lasted 00:03:35 (1988 turns).

urechis the Spear-Bearer (Merfolk Gladiator)        Turns: 1988, Time: 00:03:36

Health: -2/38      AC:  5    Str: 16    XL:     5   Next: 50%
Magic:  5/5        EV: 18    Int:  7    God:
Gold:   152        SH:  0    Dex: 15    Spells: 0 memorised, 4 levels left

rFire  . . .     SeeInvis .     a - +0 trident
rCold  . . .     Clarity  .     b - +0 leather armour
rNeg   . . .     SustAt   .     (no shield)
rPois  .         Gourm    .     c - +0 helmet
rElec  .         Spirit   .     f - +0 cloak
rCorr  .         Warding  .     (no gloves)
rMut   .         Stasis   .     (no boots)
MR     .....                    (no amulet)
Stlth  +.........               (no ring)
                                g - +5 ring of evasion

@: very slightly contaminated, invisible, not resistant to hostile enchantments,
very unstealthy
A: change form in water, swift swim
a: no special abilities


You were on level 3 of the Dungeon.
You were hungry.

You visited 1 branch of the dungeon, and saw 3 of its levels.

You collected 152 gold pieces.

Inventory:

Hand weapons
 a - a +0 trident (weapon)
Missiles
 e - 3 throwing nets (quivered)
Armour
 b - a +0 leather armour (worn)
 c - a +0 helmet (worn)
 f - a +0 cloak (worn)
Jewellery
 g - a +5 ring of evasion (left hand)
 s - an uncursed ring of invisibility {unknown}
Scrolls
 i - a scroll of amnesia {unknown}
 k - 3 scrolls of identify {unknown}
 l - 3 scrolls of enchant weapon {unknown}
 m - a scroll of magic mapping {unknown}
Potions
 o - a potion of might {unknown}
 p - a potion of mutation {unknown}
 r - a potion of cure mutation {unknown}
Comestibles
 d - 2 bread rations
 h - 2 meat rations
 q - a chunk of flesh


   Skills:
 - Level 2.1 Fighting
 + Level 8.7 Polearms
 - Level 2.0 Throwing
 - Level 4.0 Dodging


You had 4 spell levels left.
You didn't know any spells.

Dungeon Overview and Level Annotations

Branches:
Dungeon (3/15)

Altars:
Ashenzari


Message History

Press: ? - help, Dir - move target cursor, f - orc wizard
Aim: an orc wizard, wielding a dagger and wearing a robe (severely wounded)
You reach to attack!
You catch the helpless orc wizard completely off-guard!
You hit the orc wizard.
The orc wizard is severely wounded.
There is an open door, spattered with blood here.
Items here: )) [[ a club; a chain mail; a hand axe; a chain mail Attack whom?
Press: ? - help, Dir - move target cursor, f/p - orc wizard
Aim: an orc wizard, wielding a dagger and wearing a robe (severely wounded)
You reach to attack!
You hit the orc wizard.
The orc wizard is almost dead.
You are too injured to fight recklessly!
You closely miss the orc wizard.
The orc wizard is almost dead.
The orc wizard gestures at you while chanting.
The puff of flame hits you!
You die...

# ######## ######
#......# .....#
#......# ####.##
#......# # #..#
#......# # ##.#
#......# # #.##
#......#
#####..###......#######
...............o@....>#
........##......#####.#
........##......#
........######.##
#######..# #.# ...# #.#
...# #.# .... #.# #(#


You could see an orc wizard.

Vanquished Creatures
  A hound (D:2)
  Jessica (D:2)
  Terence (D:2)
  Natasha (twice) (D:2)
  An adder (D:2)
  A worm (D:1)
  2 giant geckos (D:1)
  3 orcs (D:3)
  A ball python (D:2)
  3 giant cockroaches
  4 goblins
  2 hobgoblins (D:2)
  A quokka (D:2)
  2 bats (D:2)
  4 giant newts (D:1)
  7 kobolds (D:1)
  4 rats
40 creatures vanquished.

Notes
Turn   | Place    | Note
--------------------------------------------------------------
     0 | D:1      | urechis the Merfolk Gladiator began the quest for the Orb.
     0 | D:1      | Reached XP level 1. HP: 16/16 MP: 1/1
   321 | D:1      | Reached skill level 5 in Polearms
   353 | D:1      | Reached XP level 2. HP: 22/22 MP: 2/2
   955 | D:2      | Reached skill level 6 in Polearms
   955 | D:2      | Reached XP level 3. HP: 27/27 MP: 3/3
  1084 | D:2      | Found a shattered altar of Ashenzari.
  1086 | D:2      | Noticed Terence
  1111 | D:2      | Killed Terence
  1339 | D:2      | Noticed Natasha
  1343 | D:2      | Killed Natasha
  1343 | D:2      | Reached skill level 7 in Polearms
  1343 | D:2      | Reached XP level 4. HP: 28/33 MP: 4/4
  1425 | D:2      | Noticed Jessica
  1431 | D:2      | Killed Jessica
  1468 | D:2      | Noticed Natasha
  1476 | D:2      | Killed Natasha
  1476 | D:2      | Reached skill level 8 in Polearms
  1476 | D:2      | Reached XP level 5. HP: 27/38 MP: 5/5
  1988 | D:3      | Killed from afar by an orc wizard

Vault maps used:
D:1:      dpeg_arrival_stone_temple_mockup
D:2:      evilmike_ruin_ashenzari, uniq_terence, uniq_jessica, uniq_natasha
D:3:      overflow_temple_1_default, first_bread, minmay_misc_feat_plants

Action                   |  1- 3 |  4- 6 || total
-------------------------+-------+-------++-------
Melee: Trident           |    92 |    86 ||   178
  Use: Potion            |       |     2 ||     2
 Stab: Invisible         |       |     1 ||     1
  Eat: Chunk             |     1 |     2 ||     3
